 Dungeon Crawl Stone Soup version 0.26-a0-662-g8b9c6dab81 (webtiles) character file.

Game seed: 7520787952532080168

40 oldriver the Skirmisher (level 3, -2/24 HPs)
             Began as a Gargoyle Fighter on Oct 9, 2020.
             Slain by Terence
             ... wielding a +1 trident of venom
              (7 damage)
             ... on level 1 of the Dungeon.
             The game lasted 00:01:16 (1121 turns).

oldriver the Skirmisher (Gargoyle Fighter)          Turns: 1121, Time: 00:01:17

Health: -2/24      AC: 10    Str: 19    XL:     3   Next: 50%
Magic:  3/3        EV:  7    Int:  8    God:
Gold:   73         SH:  9    Dex: 10    Spells: 2/2 levels left

rFire    . . .     SeeInvis .   j - +0 flail
rCold    . . .     Faith    .   c - +0 kite shield
rNeg     + . .     Spirit   .   b - +0 scale mail
rPois    ∞         Reflect  .   (no helmet)
rElec    +         Harm     .   (no cloak)
rCorr    .         Rampage  .   (no gloves)
MR       .....                  (no boots)
Stlth    ..........             (no amulet)
HPRegen  0.08/turn              (no ring)
MPRegen  0.08/turn              (no ring)

@: no status effects
A: negative energy resistance 1, electricity resistance, unbreathing,
petrification resistance, rot immunity, AC +3
a: no special abilities


You were on level 1 of the Dungeon.
You visited 1 branch of the dungeon, and saw 2 of its levels.

You collected 73 gold pieces.

Inventory:

Hand Weapons
 j - a +0 flail (weapon)
Armour
 b - a +0 scale mail (worn)
 c - a +0 kite shield (worn)
Jewellery
 h - an uncursed ring of stealth {unknown}
Scrolls
 a - a scroll of teleportation {unknown}
 f - 2 scrolls of identify {unknown}
 i - a scroll of remove curse {unknown}
 k - a scroll of blinking {unknown}
Potions
 d - a potion of might
 e - a potion of curing {unknown}
 g - a potion of brilliance {unknown}


   Skills:
 * Level 3.7 Fighting
 * Level 2.6 Maces & Flails
 + Level 3.5 Armour
 + Level 0.3 Dodging
 + Level 3.7 Shields


You had 2 spell levels left.
You didn't know any spells.
Your spell library was empty.

Dungeon Overview and Level Annotations

Branches:
Dungeon (2/15)

Altars:

Annotations:
D:1 Terence


Innate Abilities, Weirdness & Mutations

You are resistant to torment.
Your stone body is resilient. (AC +3)
You are immune to poison.
You resist negative energy. (rN+)
You are resistant to electric shocks. (rElec)
You can survive without breathing.
You are immune to petrification.
You are immune to rotting.


Message History

Terence hits you but does no damage. You block the goblin's attack.
Terence hits you but does no damage. The goblin barely misses you.
You hit the goblin.
You kill the goblin!
Terence shouts, "Now you die!" Terence closely misses you.
Terence hits you with a +1 trident of venom.
* * * LOW HITPOINT WARNING * * *
Things that are here:
a +0 dagger; a goblin corpse You hit Terence but do no damage.
Terence is moderately wounded.
You block Terence's attack.
You sock Terence!
Terence is almost dead.
Terence hits you but does no damage.
You hit Terence but do no damage.
Terence is almost dead.
Terence hits you with a +1 trident of venom!
You die...

#.[.# ##.# ######### #...#
#..########## ##.##
#.###.......#### #.#
##.###.#####.#... #.#
#...##..)........
#.########......###.##.##.
########............##.#
#.)#.#.)
.........#######.#####.#
#...#..# ..##.###.## #@#
#.###..###.# ..##.##...#
#@# #.##....#..#
........#.# #.#
#......#.#.. ..).......#
#.# ####..##.##.
..##.###.## #.# ##.......
.....###.#######.###
########
....##.....#.......#
.##.##.....#.###>#.#
.##.##.....#.###.#.#


You could see Terence.

Vanquished Creatures
  A gnoll (D:1)
  A leopard gecko (D:1)
  A ball python (D:1)
  5 bats (D:1)
  2 giant cockroaches (D:1)
  6 goblins (D:1)
  3 hobgoblins (D:1)
  4 kobolds (D:1)
  4 rats (D:1)
27 creatures vanquished.

Notes
Turn   | Place    | Note
-------+----------+-------------------------------------------
     0 | D:1      | oldriver the Gargoyle Fighter began the quest for the Orb.
     0 | D:1      | Reached XP level 1. HP: 14/14 MP: 1/1
    76 | D:1      | Reached XP level 2. HP: 19/19 MP: 2/2
   197 | D:1      | Reached XP level 3. HP: 23/23 MP: 3/3
  1089 | D:2      | Noticed Terence
  1121 | D:1      | Slain by Terence

Illustrated notes

Levels and vault maps discovered:
D:1:      lemuel_arrival_tunnels, layout_loops_cross, minmay_tall_x
D:2:      layout_loops_ring, gammafunk_temple_overflow_elements,
          cheibrodos_gnoll_hut, uniq_terence

Action                   || total
-------------------------++-------
Melee: Flail             ||    76
       Unarmed           ||    89
Armor: Scale mail        ||    83
       Chain mail        ||     3
Dodge: Dodged            ||    67
Block: Kite shield       ||   111

Table legend: (Time is in decaauts)
 A = Elapsed time spent in this place.
 B = Non-inter-level travel time spent in this place.
 C = Inter-level travel time spent in this place.
 D = Time resting spent in this place.
 E = Time spent auto-exploring this place.
 F = Levels seen in this place.
 G = Mean time per level.
                   A        B        C        D        E       F      G
               +--------+--------+--------+--------+--------+-----+--------+
         Total |   1154 |   1072 |     82 |      0 |    748 |   2 |  577.0 |
       Dungeon |   1154 |   1072 |     82 |      0 |    748 |   2 |  577.0 |
               +--------+--------+--------+--------+--------+-----+--------+

Top non-repeatable levels by time:
     D:1: 1149 daAuts
     D:2: 4 daAuts
